 Dungeon Sprint DCSS version 0.18-a0-1027-g814d7dd (webtiles) character file.

754 hexophile the Carver (level 7, -6/57 HPs)
             Began as a Minotaur Fighter on Jan 9, 2016.
             Was a Believer of Qazlal.
             Shot with an arrow by a centaur warrior (15 damage)
             ... in the Dungeon (Sprint IX: "|||||||||||||||||||||||||||||").
             The game lasted 00:02:33 (191 turns).

hexophile the Carver (Minotaur Fighter)              Turns: 191, Time: 00:02:33

Health: -6/57      AC: 12    Str: 20    XL:     7   Next: 49%
Magic:  3/15       EV:  7    Int:  5    God:    Qazlal [**....]
Gold:   0          SH: 12    Dex: 12    Spells: 0 memorised, 6 levels left

rFire  . . .     SeeInvis .     p - +2 scimitar (holy)
rCold  . . .     Gourm    .     a - +1 chain mail
rNeg   . . .     Faith    .     c - +0 shield
rPois  .         Spirit   .     (helmet restricted)
rElec  .         Dismiss  .     (no cloak)
rCorr  .         Reflect  .     (no gloves)
SustAt .         Harm     .     (no boots)
MR     .....     NoTele   +     (no amulet)
Stlth  ..........               q - +2 ring of evasion
                                o - +2 ring of protection

@: not resistant to hostile enchantments, extremely unstealthy
A: retaliatory headbutt, horns 2
a: Upheaval, Renounce Religion


You were in the Dungeon.
You worshipped Qazlal.
Qazlal was pleased with you.
You were not hungry.

You visited 1 branch


Innate Abilities, Weirdness & Mutations

You reflexively headbutt those who attack you in melee.
You have a pair of horns on your head.

Inventory:

Hand Weapons
 p - a +2 scimitar of holy wrath (weapon)
Armour
 a - a +1 chain mail (worn)
 c - a +0 shield (worn)
Jewellery
 o - a +2 ring of protection (left hand)
 q - a +2 ring of evasion (right hand)
Wands
 n - a wand of cold (4/15)
Scrolls
 k - 2 scrolls of blinking
 m - 3 scrolls of remove curse
Potions
 d - a potion of might {Str+5 DMG+1d10}
 e - 5 potions of curing
 g - 3 potions of heal wounds
 h - a potion of haste
 i - 4 potions of magic
 j - a potion of berserk rage
 l - a potion of invisibility
Comestibles
 f - 2 chunks of flesh
 r - a bread ration


You had 6 spell levels left.
You didn't know any spells.


   Skills:
 - Level 3.6 Fighting
 + Level 12.9 Long Blades
 - Level 3.6 Armour
 - Level 3.6 Shields
 * Level 12.1 Invocations

Dungeon Overview and Level Annotations

Branches:
Dungeon (1/1)

Altars:
Cheibriados
Dithmenos
Elyvilon
Fedhas
Gozag
Kikubaaqudgha
Makhleb
Nemelex Xobeh
Okawaru
Pakellas
Qazlal
Ru
Sif Muna
Trog
Vehumet
Xom
Yredelemnul
Zin
The Shining One
Beogh
Jiyva
Lugonu

Vault maps used:
D:        linesprint
You       could see a catoblepas, a hill giant and a centaur warrior.


Message History

Aim: a yak (heavily wounded)
The bolt of cold hits the yak.
The yak is almost dead.
The bolt of cold hits the centaur warrior.
The centaur warrior is moderately wounded.
The bolt of cold hits the troll.
The troll is severely wounded.
The bolt of cold hits the yak.
The yak is severely wounded.
This wand has 4 charges left.
The yak gores you! !MASSIVE DAMAGE!
YOU LOST 11 HP!
You have now: 25/51 HP.
You slash the yak!
You kill the yak!
Qazlal accepts your kill.
Your Long Blades skill increases to level 11!
Your Invocations skill gained 2 levels and is now at level 10!
The centaur warrior wields a shortbow.
The centaur warrior shoots an arrow.
You block the arrow.
Unknown command.
Aiming: Upheaval
Press: ? - help, Dir - move target cursor, f - centaur warrior
Aim: a centaur warrior, wielding a shortbow (moderately wounded) Magma suddenly erupts from the ground!
The blast of magma engulfs the centaur warrior.
The centaur warrior is heavily wounded.
The blast of magma engulfs the troll.
You kill the troll!
Qazlal accepts your kill.
Your Long Blades skill increases to level 12!
Your Invocations skill increases to level 11!
You have reached level 7!
The centaur warrior shoots an arrow.
The arrow hits you!!
* * * LOW HITPOINT WARNING * * *
You got additional 6 HP.
You lost 16 HP.
You have now: 9/57 HP.
Unknown command.
Aiming: Upheaval
Press: ? - help, Dir - move target cursor, f/p - centaur warrior
Aim: a centaur warrior, wielding a shortbow (heavily wounded)
The ground shakes violently, spewing rubble!
The blast of rubble hits the centaur warrior.
The centaur warrior is almost dead.
The blast of rubble hits the yak.
You kill the yak!
Qazlal accepts your kill.
Your Invocations skill increases to level 12!
Ka-crash!
* * * LOW MAGIC WARNING * * *
The centaur warrior shoots an arrow.
The arrow hits you!
You die...

Action                   |  1- 3 |  4- 6 |  7- 9 || total
-------------------------+-------+-------+-------++-------
Melee: Long sword        |    20 |       |       ||    20
       Scimitar          |     6 |    13 |       ||    19
Invok: Upheaval          |       |       |     2 ||     2
Evoke: Wand              |       |     3 |       ||     3

Notes
Turn   | Place    | Note
--------------------------------------------------------------
     0 | D        | hexophile the Minotaur Fighter began the quest for the Orb.
     0 | D        | Reached XP level 1. HP: 19/19 MP: 0/0
     7 | D        | Reached skill level 3 in Long Blades
     9 | D        | Reached skill level 4 in Long Blades
    23 | D        | Noticed an orc wizard
    24 | D        | Reached skill level 5 in Long Blades
    24 | D        | Reached XP level 2. HP: 26/26 MP: 1/1
    30 | D        | Reached skill level 8 in Long Blades
    30 | D        | Reached XP level 3. HP: 19/31 MP: 2/2
    41 | D        | Found a glowing silver altar of Zin.
    41 | D        | Found a glowing golden altar of the Shining One.
    41 | D        | Found an ancient bone altar of Kikubaaqudgha.
    41 | D        | Found a basalt altar of Yredelemnul.
    41 | D        | Found a shimmering altar of Xom.
    41 | D        | Found a radiant altar of Vehumet.
    42 | D        | Found an iron altar of Okawaru.
    43 | D        | Found a burning altar of Makhleb.
    44 | D        | Found a deep blue altar of Sif Muna.
    45 | D        | Found a bloodstained altar of Trog.
    46 | D        | Found a sparkling altar of Nemelex Xobeh.
    47 | D        | Found a white marble altar of Elyvilon.
    48 | D        | Found a roughly hewn altar of Beogh.
    49 | D        | Found a viscous altar of Jiyva.
    50 | D        | Found a corrupted altar of Lugonu.
    51 | D        | Found a blossoming altar of Fedhas.
    52 | D        | Found a snail-covered altar of Cheibriados.
    53 | D        | Found a shadowy altar of Dithmenos.
    54 | D        | Found a stormy altar of Qazlal.
    55 | D        | Found an opulent altar of Gozag.
    56 | D        | Found a sacrificial altar of Ru.
    57 | D        | Found an oddly glowing altar of Pakellas.
    62 | D        | Became a worshipper of Qazlal Stormbringer
    77 | D        | Got the +2 morningstar of Division {crush, +Blink rN+ Dex+3}
   103 | D        | Noticed a big kobold
   103 | D        | Noticed an ogre
   109 | D        | Killed a big kobold
   109 | D        | Reached skill level 9 in Long Blades
   109 | D        | Reached skill level 4 in Invocations
   109 | D        | Reached XP level 4. HP: 27/39 MP: 2/6
   110 | D        | Reached skill level 5 in Invocations
   111 | D        | Reached * piety under Qazlal
   111 | D        | Reached skill level 10 in Long Blades
   111 | D        | Reached skill level 6 in Invocations
   111 | D        | Reached XP level 5. HP: 28/45 MP: 2/8
   112 | D        | Killed an ogre
   112 | D        | Reached skill level 8 in Invocations
   121 | D        | Reached XP level 6. HP: 28/51 MP: 3/11
   122 | D        | Reached ** piety under Qazlal
   185 | D        | Noticed a yak
   185 | D        | Noticed a centaur warrior
   185 | D        | Noticed a troll
   185 | D        | Noticed a yak
   185 | D        | Noticed a hill giant
   185 | D        | Noticed a catoblepas
   189 | D        | Killed a yak
   189 | D        | Reached skill level 11 in Long Blades
   189 | D        | Reached skill level 10 in Invocations
   190 | D        | Killed a troll
   190 | D        | Reached skill level 12 in Long Blades
   190 | D        | Reached skill level 11 in Invocations
   190 | D        | Reached XP level 7. HP: 27/57 MP: 11/14
   191 | D        | Killed a yak
   191 | D        | Reached skill level 12 in Invocations
   191 | D        | Shot with an arrow by a centaur warrior

Table legend:
 A = Turns spent in this place as a percentage of turns spent in the entire game.
 B = Non-inter-level travel turns spent in this place as a percentage of non-inter-level travel turns spent in the entire game.
 C = Inter-level travel turns spent in this place as a percentage of turns spent in this place.
 D = Turns resting spent in this place as a percentage of non-inter-level travel turns spent in this place.
 E = Turns spent auto-exploring this place as a percentage of non-inter-level travel turns spent in this place.
 F = Non-inter-level travel turns spent in this place divided by the number of levels of this place that you've seen.
                   A       B       C       D       E      F
               +-------+-------+-------+-------+-------+----------------------
         Total | 100.0 | 100.0 |   0.0 |   1.4 |   0.0 | 142.0
       Dungeon | 100.0 | 100.0 |   0.0 |   1.4 |   0.0 | 142.0
               +-------+-------+-------+-------+-------+----------------------

Table legend:
 A = Kills in this place as a percentage of kills in entire the game.
 B = Kills by you in this place as a percentage of kills by you in the entire game.
 C = Kills by friends in this place as a percentage of kills by friends in the entire game.
 D = Other kills in this place as a percentage of other kills in the entire game.
 E = Experience gained in this place as a percentage of experience gained in the entire game.
 F = Experience gained in this place divided by the number of levels of this place that you have seen.
                   A       B       C       D       E      F
               +-------+-------+-------+-------+-------+----------------------
         Total | 100.0 | 100.0 |  -nan |  -nan | 100.0 | 1078.0
       Dungeon | 100.0 | 100.0 |  -nan |  -nan | 100.0 | 1078.0
               +-------+-------+-------+-------+-------+----------------------

Vanquished Creatures
  A troll (D)
  2 yaks (D)
  An ogre (D)
  A big kobold (D)
  A jelly (D)
  A quasit (D)
  2 orc wizards (D)
  2 orcs (D)
  A bat (D)
  2 bat zombies (D)
  A goblin (D)
  A hobgoblin (D)
  A jackal (D)
  2 rats (D)
19 creatures vanquished.
